 Dungeon Crawl Stone Soup version 0.29.1-12-g30fa7ad0bf (webtiles) character file.

Game seed: 18289474577312615660

7 croobank the Sneak (level 1, -1/18 HPs)
             Began as a Demonspawn Delver on Jan 16, 2023.
             Killed from afar by an orc wizard (2 damage)
             ... with a magic dart
             ... on level 2 of the Dungeon.
             The game lasted 00:02:52 (169 turns).

croobank the Sneak (Demonspawn Delver)               Turns: 169, Time: 00:02:53

Health: -1/18      AC:  3    Str: 12    XL:     1   Next: 91%
Magic:  1/1        EV: 12    Int: 11    God:
Gold:   0          SH:  0    Dex: 14    Spells: 0/0 levels left

rFire   . . .      SeeInvis .   a - +1 hand axe
rCold   . . .      Faith    .   (no shield)
rNeg    . . .      Spirit   .   b - +0 leather armour
rPois   .          Reflect  .   (no helmet)
rElec   .          Harm     .   (no cloak)
rCorr   .          Rampage  .   (no gloves)
Will    .....                   (no boots)
Stlth   +++.......              (no amulet)
HPRegen 0.06/turn               (no ring)
MPRegen 0.07/turn               (no ring)

@: no status effects
A: no striking features
a: no special abilities


You were on level 2 of the Dungeon.
You visited 1 branch of the dungeon, and saw 5 of its levels.

Inventory:

Hand Weapons
 a - a +1 hand axe (weapon)
Missiles
 e - 4 javelins (quivered)
Armour
 b - a +0 leather armour (worn)
Wands
 g - a wand of digging (3)
Scrolls
 c - a scroll of fog
 d - a scroll of magic mapping


   Skills:
 + Level 3.1 Fighting
 + Level 2.0 Axes
 + Level 2.0 Dodging
 + Level 4.6 Stealth


You couldn't memorise any spells.
You didn't know any spells.
Your spell library was empty.

Dungeon Overview and Level Annotations

Branches:
Dungeon (6/15)
 Temple: D:4-7

Altars:
Trog


Message History

You kill the bat!
You hit the orc wizard but do no damage.
You hit the orc.
You kill the orc!
The orc wizard hits you but does no damage.
The orc hits you with a +0 mace.
You closely miss the orc.
The orc is almost dead.
You closely miss the orc wizard. You barely miss the orc wizard.
The orc wizard closely misses you. The orc hits you with a +0 mace.
The orc wizard closely misses you.
You hit the orc.
You kill the orc!
You barely miss the orc wizard.
You hit the orc wizard but do no damage.
You hit the orc. The orc closely misses you.
The orc wizard hits you but does no damage.
The orc wizard hits you with a +0 dagger.
The orc barely misses you. The orc wizard barely misses you. x2
There is a stone staircase leading up, spattered with blood here.
Things that are here:
a +0 mace; a +0 leather armour The orc closely misses you.
The orc wizard casts a spell at you. The puff of flame misses you.
The puff of flame hits the orc!
The orc dies!
The orc wizard hits you with a +0 dagger.
* * * LOW HITPOINT WARNING * * *
Your Axes skill increases to level 2!
Your Dodging skill increases to level 2!
You climb upwards.
There is a stone staircase leading down here.
As you read the scroll labelled ZOESTO ASAL, it crumbles to dust.
It is a scroll of enchant weapon.
Your +0 hand axe glows red for a moment.
The orc wizard hits you with a +0 dagger.
* * * LOW HITPOINT WARNING * * *
The orc wizard gestures at you while chanting.
The magic dart hits you.
You die...

#########
#@o......
#o...####
####..#
..# ..#
.. #


You could see 2 orc wizards.

Vanquished Creatures
  2 orcs (D:3)
  A kobold (D:3)
  A bat (D:3)
4 creatures vanquished.

Vanquished Creatures (others)
  An orc (D:3)
1 creature vanquished.

Grand Total: 5 creatures vanquished

Notes
Turn   | Place    | Note
-------+----------+-------------------------------------------
     0 | D:5      | croobank the Demonspawn Delver began the quest for the Orb.
     0 | D:5      | Reached XP level 1. HP: 18/18 MP: 1/1
    57 | D:5      | Noticed an iguana
    95 | D:5      | Noticed an iguana
    95 | D:5      | Noticed a necrophage
   142 | D:3      | Found a bloodstained altar of Trog.
   148 | D:3      | Noticed an orc wizard
   159 | D:3      | Noticed an orc wizard
   169 | D:2      | Killed from afar by an orc wizard

Illustrated notes

Levels and vault maps discovered:
D:2:      layout_basic, serial_shops, nicolae_shop_stone
D:3:      layout_loops_ring, trog_three_pillars_becter, uniq_natasha
D:4:      layout_basic, mainiacjoe_overflow_surrounded_room,
          minmay_temple_entry_large_hall, small_statue_intersection
D:5:      layout_rooms, gammafunk_temple_overflow_statue, kennysheep_little_box
D:6:      layout_rooms, mainiacjoe_overflow_brackets,
          gammafunk_ghost_stat_death, nicolae_eternal_life, uniq_pikel

Skill      XL: |  1 |
---------------+----+-----
Axes           | 2 |  2.0
Dodging        | 2 |  2.0
Fighting       | |  3.1
Stealth        | |  4.6

Action                   || total
-------------------------++-------
Melee: Hand axe          ||    11
  Use: Scroll            ||     2
       Potion            ||     2
Armor: Leather armour    ||     8
Dodge: Dodged            ||    17
